 Dungeon Crawl Stone Soup version 0.27.1-3-gb3d3a73c9e (webtiles) character file.

Game seed: 2035638179836018418

226 Goreval the Slasher (level 6, -13/48 HPs)
             Began as a Barachi Gladiator on Oct 10, 2021.
             Was a Priest of Cheibriados.
             Mangled by an ice beast (14 damage)
             ... on level 3 of the Dungeon.
             The game lasted 00:19:45 (4131 turns).

Goreval the Slasher (Barachi Gladiator)             Turns: 4131, Time: 00:19:46

Health: -13/48     AC:  4    Str: 21    XL:     6   Next: 1%
Magic:  5/7        EV: 15    Int: 14    God:    Cheibriados [***...]
Gold:   186        SH:  0    Dex: 22    Spells: 2/5 levels left

rFire    + . .     SeeInvis .   a - +1 long sword
rCold    . . .     Faith    +   (no shield)
rNeg     . . .     Spirit   .   b - +0 leather armour
rPois    .         Reflect  .   c - +0 helmet
rElec    .         Harm     .   (no cloak)
rCorr    .         Rampage  .   (no gloves)
Will     .....                  (no boots)
Stlth    ++........             o - amulet of faith
HPRegen  0.16/turn              u - ring of protection from fire
MPRegen  0.10/turn              (no ring)

@: very slow
A: amphibious, slowness 1, strong legs 1, +LOS
a: Hop, Renounce Religion, Bend Time, Temporal Distortion


You were on level 3 of the Dungeon.
You worshipped Cheibriados.
Cheibriados was most pleased with you.
You visited 1 branch of the dungeon, and saw 5 of its levels.

You collected 186 gold pieces.

Inventory:

Hand Weapons
 a - a +1 long sword (weapon)
Missiles
 g - 106 stones (quivered)
Armour
 b - a +0 leather armour (worn)
 c - a +0 helmet (worn)
 e - a +0 kite shield
 r - a +0 scale mail
Jewellery
 k - an amulet of regeneration
 o - an amulet of faith (around neck)
 u - a ring of protection from fire (left hand)
Wands
 B - a wand of acid (8)
Scrolls
 f - a scroll of magic mapping
 w - a scroll of teleportation
Potions
 d - a potion of flight
 h - a potion of cancellation {unknown}
 l - a potion of mutation {unknown}
 n - a potion of berserk rage
 p - a potion of attraction {unknown}
 v - a potion of degeneration {unknown}
 z - a potion of haste {unknown}
 A - a potion of curing {unknown}


   Skills:
 + Level 3.6 Fighting
 * Level 5.5 Long Blades
 - Level 2.0 Throwing
 + Level 4.8 Dodging
 * Level 1.6 Invocations


You had 2 spell levels left.
You knew the following spells:

 Your Spells              Type           Power      Damage    Failure   Level
a - Confusing Touch       Hex            0%         N/A       69%         3

Your spell library contained the following spells:

 Spells                   Type           Power      Damage    Failure   Level
 Slow                     Hex            0%         N/A       45%         2
 Yara's Violent Unravell  Hex/Tmut       0%         3d3       100%        5


Dungeon Overview and Level Annotations

Branches:
Dungeon (5/15)
 Temple: D:4-7

Altars:
Cheibriados
Nemelex Xobeh
Vehumet
Xom
Zin

Annotations:
D:4 Edmund
D:5 exclusion: necrophage, Grinder


Innate Abilities, Weirdness & Mutations

You are amphibious.
You cover ground slowly.
You can hop short distances.
You have an extended range of vision and can be seen from far away.


Message History

Okay, then.
Okay, then.
You fail to use your ability.
The ice beast hits you. The ice beast freezes you!
* * * LOW HITPOINT WARNING * * *
You feel much better. The ice beast closely misses you.
You riposte.
You barely miss the ice beast.
Really quaff the potion of berserk rage?
This action would place you under penance!
Okay, then.
Okay, then.
The flow of time bends around you.
Cheibriados rebukes the ice beast.
The ice beast seems to slow down.
The ice beast hits you but does no damage.
You slash the ice beast! You barely miss the ice beast.
The ice beast misses you.
You barely miss the ice beast. The ice beast hits you.
The ice beast freezes you!
You hit the ice beast. The ice beast hits you. The ice beast freezes you!
You closely miss the ice beast. You completely miss the ice beast.
The ice beast misses you.
You hit the ice beast.
The ice beast hits you but does no damage.
You hit the ice beast but do no damage. The ice beast hits you.
The ice beast freezes you!
* * * LOW HITPOINT WARNING * * *
Okay, then.
Unknown command.
You are too injured to fight recklessly!
You are too injured to fight recklessly!
You are too injured to fight recklessly!
You are too injured to fight recklessly!
You are too injured to fight recklessly!
You barely miss the ice beast. You closely miss the ice beast.
The ice beast is no longer moving slowly.
The ice beast hits you.
* * * LOW HITPOINT WARNING * * *
The ice beast freezes you!
You die...

.♣.'.###.##,# ***#.≈≈P≈≈≈≈...
...#..##.##.# #...≈≈≈≈≈≈..
#.##........#### *...≈≈≈≈≈≈..
#...##.........# *#..≈P≈≈≈...
#...##.........## ##...≈≈≈≈≈..
###.#...........## ##....≈≈≈≈≈P.
##.##.##.........####.....≈≈≈≈≈..
#.##...##......#Y.>.#.##.≈≈≈≈≈≈..
#.#..≈..#.......@..........P≈≈≈..
#...≈≈≈........######......≈≈≈≈..
..#..≈..#......# #.....≈P≈≈≈..
#.##...####)#.#######.##..≈P≈≈≈..
...##.#####.#.....##..###..≈≈≈)..
#(.<......................≈P≈≈≈).
#..###.#####.######[.......≈≈≈≈..
#.## #.# #..*##<[[####..≈≈≈≈...
..####.# #..##.÷### #..≈≈≈≈≈..


You could see an ice beast.

Vanquished Creatures
  A hound (D:2)
  An orc priest (D:3)
  A bullfrog skeleton (D:4)
  A howler monkey skeleton (D:4)
  3 adders
  A worm (D:2)
  An adder skeleton (D:4)
  4 dart slugs
  8 orcs
  2 endoplasms
  4 giant cockroaches
  11 goblins
  6 hobgoblins
  5 jackals
  8 kobolds
  2 quokkas (D:1)
  4 ball pythons
  4 bats
  4 frilled lizards
  6 rats (D:1)
77 creatures vanquished.

Vanquished Creatures (others)
  4 plants (D:3)
4 creatures vanquished.

Grand Total: 81 creatures vanquished

Notes
Turn   | Place    | Note
-------+----------+-------------------------------------------
     0 | D:1      | Goreval the Barachi Gladiator began the quest for the Orb.
     0 | D:1      | Reached XP level 1. HP: 17/17 MP: 1/1
   229 | D:1      | Reached XP level 2. HP: 19/23 MP: 2/2
   383 | D:1      | Reached skill level 4 in Long Blades
   805 | D:1      | Reached XP level 3. HP: 28/28 MP: 3/3
  1219 | D:2      | Found a faded altar of an unknown god.
  1255 | D:2      | Became a worshipper of Cheibriados the Contemplative
  1255 | D:2      | Reached * piety under Cheibriados
  1291 | D:2      | Reached XP level 4. HP: 26/35 MP: 4/4
  1295 | D:2      | Learned a level 3 spell: Confusing Touch
  1913 | D:3      | Reached skill level 5 in Long Blades
  2066 | D:3      | Reached ** piety under Cheibriados
  2158 | D:3      | Reached XP level 5. HP: 41/41 MP: 5/5
  2476 | D:3      | Found a snail-covered altar of Cheibriados.
  2491 | D:3      | Found a shimmering altar of Xom.
  2491 | D:3      | Found a radiant altar of Vehumet.
  2492 | D:3      | Found a glowing silver altar of Zin.
  2492 | D:3      | Found a sparkling altar of Nemelex Xobeh.
  2492 | D:3      | Found a shimmering altar of Xom.
  2549 | D:3      | Noticed an ice beast
  2710 | D:4      | Reached skill level 1 in Invocations
  3296 | D:4      | Noticed a sky beast
  3311 | D:4      | Noticed Edmund
  3691 | D:5      | Entered Level 5 of the Dungeon
  3695 | D:5      | Reached *** piety under Cheibriados
  3698 | D:5      | Reached XP level 6. HP: 48/48 MP: 7/7
  3742 | D:5      | Noticed a necrophage
  3830 | D:5      | Found a radiant altar of Vehumet.
  3837 | D:5      | Noticed Grinder
  3840 | D:5      | Paralysed by Grinder for 4 turns
  4131 | D:3      | HP: 1/48 [ice beast (3)]
  4131 | D:3      | Mangled by an ice beast

Illustrated notes

Levels and vault maps discovered:
D:1:      lightli_arrival_statuegarden, layout_basic, minmay_pentomino_r4
D:2:      layout_loops_cross, shapermc_ecumenical_altar_starsandcircs
D:3:      layout_rooms, doesnt_xom_only_xom, amcnicky_mini_pool_small,
          chequers_big_river, grunt_ministairs_13, interstate_on_off
D:4:      layout_basic, serial_co_window_serial, co_window_corner_a,
          co_window_cross_1, co_window_corner_a, co_window_paths_a,
          co_window_of_opportunity_a, co_window_cross_4, co_window_broadway_b,
          co_window_corner_b, co_window_corner_cb, co_window_unsneaky_path_e,
          glass_columns_c, saegor_snake_ambush, uniq_edmund
D:5:      layout_loops_cross, vehumet_crystals, nicolae_uskayaw_dance_hall,
          minmay_temple_entry_drinking_statues, abandoned_shop,
          minmay_divided_ellipse, uniq_grinder, uniq_sigmund

Skill      XL: |  1  2  3  4  5 |
---------------+----------------+-----
Long Blades    | 4 5 |  5.5
Fighting       | 3 |  3.6
Dodging        | 4 |  4.8
Invocations    | 1 |  1.6
Throwing       | |  2.0

Action                   |  1- 3 |  4- 6 || total
-------------------------+-------+-------++-------
Melee: Long sword        |    94 |    93 ||   187
Throw: Stone             |    54 |    97 ||   151
       Throwing net      |       |     3 ||     3
Invok: Bend Time         |       |     1 ||     1
 Abil: Hop               |       |     1 ||     1
  Use: Scroll            |       |    11 ||    11
       Potion            |       |     1 ||     1
 Stab: Sleeping          |       |     2 ||     2
Armor: Leather armour    |    25 |    12 ||    37
Dodge: Dodged            |    48 |    55 ||   103
       Rpst.: Long sword |    18 |    17 ||    35
